 Dungeon Crawl Stone Soup version 0.26.0-18-gc5c842f807 (webtiles) character file.

Game seed: 2533434827058770431

1862 thiole the Covert (level 9, -1/51 HPs)
             Began as an Octopode Hedge Wizard on Jan 23, 2021.
             Slain by Harold
             ... wielding a +0 trident
              (9 damage)
             ... on level 7 of the Dungeon.
             The game lasted 00:35:50 (7032 turns).

thiole the Covert (Octopode Hedge Wizard)           Turns: 7032, Time: 00:35:50

Health: -1/51      AC:  5    Str: 10    XL:     9   Next: 13%
Magic:  9/18       EV:  7    Int: 19    God:
Gold:   357        SH:  0    Dex: 11    Spells: 10/20 levels left

rFire    . . .     SeeInvis .   i - +1 dagger (drain)
rCold    . . .     Faith    .   (no shield)
rNeg     + . .     Spirit   .   b - +0 hat
rPois    .         Reflect  .   (no amulet)
rElec    .         Harm     .   g - +4 ring of protection
rCorr    .         Rampage  .   j - ring of positive energy
Will     .....                  v - ring of flight
Stlth    +++++.....             (no ring)
HPRegen  0.17/turn              (no ring)
MPRegen  0.16/turn              (no ring)
                                (no ring)
                                (no ring)

@: very slightly contaminated, held
A: almost no armour, stealthy swim, amphibious, 8 rings, constrict 8, camouflage
1, gelatinous body 1
a: Evoke Flight


You were on level 7 of the Dungeon.
You visited 2 branches of the dungeon, and saw 8 of its levels.

You collected 357 gold pieces.

Inventory:

Hand Weapons
 i - a +1 dagger of draining (weapon)
 n - a +4 flail of freezing
 u - a +0 dagger of venom
Armour
 b - a +0 hat (worn)
Jewellery
 g - a +4 ring of protection (left tentacle)
 j - a ring of positive energy (right tentacle)
 v - a ring of flight (on tentacle)
 A - an uncursed ring of fire
Wands
 a - a wand of flame (45)
 p - a wand of disintegration (2)
Scrolls
 d - a scroll of enchant weapon
 f - a scroll of random uselessness {unknown}
 k - a scroll of magic mapping {unknown}
 m - 3 scrolls of remove curse
 o - a scroll of immolation {unknown}
 q - 2 scrolls of teleportation {unknown}
 r - 3 scrolls of fear
 s - a scroll of blinking {unknown}
 w - a scroll of amnesia
 y - a scroll of identify
 C - a scroll of torment {unknown}
Potions
 e - 2 potions of curing
 h - a potion of haste
 l - a potion of berserk rage
 t - 2 potions of degeneration {unknown}
 x - a potion of flight {unknown}
 z - 3 potions of brilliance {unknown}
 B - a potion of magic {unknown}


   Skills:
 + Level 0.2 Fighting
 - Level 2.0 Dodging
 - Level 8.0 Stealth
 * Level 6.0 Spellcasting
 + Level 2.0 Conjurations
 + Level 1.8 Hexes
 - Level 2.0 Summonings
 - Level 1.0 Translocations
 - Level 4.0 Transmutations
 + Level 4.1 Ice Magic
 - Level 4.0 Air Magic
 - Level 2.0 Evocations


You had 10 spell levels left.
You knew the following spells:

 Your Spells              Type           Power        Failure   Level
a - Magic Dart            Conj           52%          4%          1
b - Call Imp              Summ           13%          8%          2
d - Mephitic Cloud        Conj/Pois/Air  13%          14%         3
e - Ice Form              Ice/Tmut       21%          22%         4

Your spell library contained the following spells:

 Spells                   Type           Power        Failure   Level
 Beastly Appendage        Tmut           40%          2%          1
 Wereblood                Tmut           20%          3%          2
 Slow                     Hex            12%          8%          2
 Blink                    Tloc           N/A          11%         2
 Spider Form              Tmut/Pois      6%           14%         3
 Conjure Flame            Conj/Fire      9%           22%         3
 Blade Hands              Tmut           10%          52%         5


Dungeon Overview and Level Annotations

Branches:
Dungeon (7/15)             Temple (1/1) D:5

Altars:
Ashenzari
Cheibriados
Dithmenos
Elyvilon
Fedhas
Hepliaklqana
Kikubaaqudgha
Makhleb
Nemelex Xobeh
Okawaru
Qazlal
Ru
Sif Muna
Trog
Uskayaw
Vehumet
Wu Jian
Xom
Yredelemnul
Zin
The Shining One

Shops:
D:6 =

Annotations:
D:7 Harold


Innate Abilities, Weirdness & Mutations

You cannot wear most types of armour.
You are very stealthy in the water. (Stealth+)
You are amphibious.
You can wear up to eight rings at the same time.
You can use your tentacles to constrict eight enemies at once.
Your skin changes colour to match your surroundings (Stealth+).
Your rubbery body absorbs attacks. (AC +1, EV +1)


Message History

Your crimson imp dies!
Your crimson imp blinks!
Aiming: Disintegrate
Press: ? - help, Shift-Dir - straight line, f - Harold
Aim: Harold, wielding a +0 trident, wearing a +0 chain mail, quivering 2 throwing nets and carrying a wand of digging (1) (lightly wounded, chance to affect: 40%) Harold is blasted!
Your crimson imp disappears in a puff of smoke!
Harold hits you from afar with a +0 trident!!
* * * LOW HITPOINT WARNING * * *
Your crimson imp hits Harold.
You feel better.
Harold hits you from afar with a +0 trident.
* * * LOW HITPOINT WARNING * * *
Your crimson imp blinks!
Aiming: Disintegrate
Press: ? - help, Shift-Dir - straight line, f/p - Harold
Aim: Harold, wielding a +0 trident, wearing a +0 chain mail, quivering 2 throwing nets and carrying a wand of digging (1) (moderately wounded, chance to affect: 40%) Harold resists with some effort.
Harold hits you from afar with a +0 trident!
You die...

# #.# ... # #.. #.. #
#..####.. # #....#.#
# #.....# # #....# #
#..@# # #...# #
#..@## # #..5.## ##
##.....#
.############..5..###
...[............#...#
.......##..#######..#
..###..<#..####.....#
.####..##=.........##
.# #..............##


You could see Harold and 2 friendly crimson imps.

Vanquished Creatures
  Grinder (D:3)
  3 ice beasts
  An orc warrior (D:5)
  A sky beast (D:6)
  An ogre (D:7)
  A centaur (D:6)
  A bullfrog (D:7)
  A scorpion (D:5)
  3 wights (D:6)
  2 howler monkeys
  A jelly (D:7)
  A centaur zombie (D:5)
  An orc priest (D:4)
  A bullfrog zombie (D:5)
  A hound (D:7)
  A bullfrog skeleton (D:4)
  An orc wizard (D:6)
  4 worker ants
  A hound zombie (D:6)
  2 gnolls (D:7)
  12 adders
  2 white imps
  An ooze (D:2)
  An adder skeleton (D:4)
  A worm (D:2)
  A dart slug (D:1)
  3 leopard geckos
  6 orcs
  8 giant cockroaches
  2 goblins
  6 hobgoblins
  9 jackals (D:4)
  A quokka (D:2)
  A ball python (D:4)
  9 bats
  6 frilled lizards
  10 kobolds
  8 rats
116 creatures vanquished.

Vanquished Creatures (collateral kills)
  A black bear (D:7)
  3 ogres
  A wight (D:6)
  An orc wizard (D:4)
  A leopard gecko (D:4)
  An orc (D:4)
8 creatures vanquished.

Vanquished Creatures (others)
  2 plants (D:7)
2 creatures vanquished.

Grand Total: 126 creatures vanquished

Notes
Turn   | Place    | Note
-------+----------+-------------------------------------------
     0 | D:1      | thiole the Octopode Hedge Wizard began the quest for the
                  | Orb.
     0 | D:1      | Reached XP level 1. HP: 11/11 MP: 4/4
   317 | D:1      | Reached skill level 3 in Stealth
   317 | D:1      | Reached XP level 2. HP: 13/17 MP: 0/6
  1048 | D:2      | Reached XP level 3. HP: 15/21 MP: 3/7
  1133 | D:2      | Learned a level 2 spell: Call Imp
  1136 | D:2      | Learned a level 2 spell: Slow
  1140 | D:2      | Learned a level 3 spell: Mephitic Cloud
  1512 | D:2      | Reached XP level 4. HP: 27/27 MP: 9/9
  1691 | D:2      | Reached skill level 4 in Stealth
  1961 | D:3      | Noticed Grinder
  2154 | D:3      | Reached XP level 5. HP: 31/31 MP: 5/10
  2190 | D:3      | Reached skill level 1 in Ice Magic
  2233 | D:3      | Reached skill level 1 in Transmutations
  2367 | D:3      | Killed Grinder
  2368 | D:3      | Reached skill level 5 in Stealth
  2368 | D:3      | Reached XP level 6. HP: 13/36 MP: 10/12
  2683 | D:4      | Found a blossoming altar of Fedhas.
  3163 | D:4      | Reached XP level 7. HP: 41/41 MP: 4/13
  3808 | D:5      | Entered Level 5 of the Dungeon
  4061 | D:5      | Reached skill level 6 in Stealth
  4121 | D:5      | Found a staircase to the Ecumenical Temple.
  4136 | Temple   | Entered the Ecumenical Temple
  4575 | D:5      | Reached skill level 1 in Air Magic
  4767 | D:5      | Reached XP level 8. HP: 22/46 MP: 3/15
  4960 | D:5      | Found a stormy altar of Qazlal.
  5380 | D:6      | Reached skill level 5 in Spellcasting
  5392 | D:5      | Reached skill level 7 in Stealth
  5723 | D:6      | Learned a level 4 spell: Ice Form
  5738 | D:6      | Found Eheopen's Jewellery Boutique.
  6289 | D:6      | Reached skill level 1 in Evocations
  6296 | D:6      | Reached skill level 1 in Hexes
  6834 | D:7      | Reached XP level 9. HP: 47/51 MP: 8/17
  6961 | D:7      | Reached skill level 8 in Stealth
  7021 | D:7      | Noticed Harold
  7032 | D:7      | Slain by Harold

Illustrated notes

Levels and vault maps discovered:
D:1:      psy_arrival_radial01, layout_basic
D:2:      minmay_skewed_foursquare, layout_basic
D:3:      layout_basic, minivault_25, uniq_grinder
D:4:      layout_loops_ring, lemuel_altar_in_water2
D:5:      layout_rooms, minmay_temple_entry_arrows, serial_glass,
          glass_columns_a, glass_columns_c, basic_altar, minmay_crystal_water,
          small_statue_alley_b, amcnicky_mini_pool_small
D:6:      layout_cave_pools, serial_shops, nicolae_shop_stone, chequers_jeans
D:7:      layout_cave_pools, serial_gnoll_camp, gnoll_camp_mini_doghouse,
          gnoll_camp_medium_01, gnoll_camp_mini_doghouse, gnoll_camp_mini_house,
          gnoll_camp_mini_loothouse, gnoll_camp_mini_hut, serial_bayou_ford_a,
          uniq_harold
Temple:   grunt_wide_crystal_templ

Skill      XL: |  1  2  3  4  5  6  7  8  9 |
---------------+----------------------------+-----
Stealth        | 3 4 5 6 7 8 |  8.0
Summonings     | 2 |  2.0
Conjurations   | 2 |  2.0
Ice Magic      | 2 4 |  4.1
Transmutations | 2 3 4 |  4.0
Spellcasting   | 4 5 6 |  6.0
Air Magic      | 1 4 |  4.0
Evocations     | 1 2 |  2.0
Hexes          | 1 |  1.8
Fighting       | |  0.2
Dodging        | |  2.0
Translocations | |  1.0

Action                   |  1- 3 |  4- 6 |  7- 9 || total
-------------------------+-------+-------+-------++-------
Melee: Dagger            |    50 |    69 |   103 ||   222
       Constrict         |    12 |    16 |    18 ||    46
       Tentacles         |     4 |    16 |    24 ||    44
 Cast: Magic Dart        |    22 |    64 |    72 ||   158
       Call Imp          |       |       |    50 ||    50
       Slow              |       |       |     1 ||     1
       Mephitic Cloud    |       |       |     1 ||     1
Evoke: Wand              |       |       |    12 ||    12
  Use: Scroll            |     2 |     5 |     6 ||    13
       Potion            |       |     1 |     3 ||     4
 Stab: Sleeping          |     6 |     3 |     5 ||    14
       Confused          |       |       |     2 ||     2
       Distracted        |       |       |     1 ||     1
Armor: Skin              |     8 |    20 |    32 ||    60
Dodge: Dodged            |    42 |    45 |    90 ||   177
